 Dungeon Crawl Stone Soup version 0.31.0 (webtiles) character file.

Game seed: 11373890672327250135

53 qw the Shooter (level 3, -2/22 HPs)
             Began as a Gargoyle Hunter on Jan 20, 2024.
             Slain by a gnoll
             ... wielding a +2 whip of freezing
              (4 damage)
             ... on level 3 of the Dungeon.
             The game lasted 00:00:04 (1396 turns).

qw the Shooter (Gargoyle Hunter)                    Turns: 1396, Time: 00:00:05

Health: -2/22      AC:  8    Str: 14    XL:     3   Next: 87%
Magic:  3/3        EV: 11    Int:  9    God:
Gold:   57         SH:  0    Dex: 15    Spells: 2/2 levels left

rFire   . . .        a - +0 shortbow
rCold   . . .        (shield currently unavailable)
rNeg    + . .        f - +0 ring mail
rPois   inf          (no helmet)
rElec   +            (no cloak)
rCorr   .            (no gloves)
SInv    .            (no boots)
Will    .....        b - amulet of faith
Stlth   +            (no ring)
HPRegen 0.23/turn    (no ring)
MPRegen 0.08/turn

%: faith
@: no status effects
A: sickness immunity, AC +3, negative energy resistance 1, electricity
resistance, torment resistance 1, petrification resistance
a: no special abilities


You were on level 3 of the Dungeon.
You visited 1 branch of the dungeon, and saw 3 of its levels.

You collected 57 gold pieces.


Innate Abilities, Weirdness & Mutations

You are immune to sickness and miasma.
Your stone body is resilient. (AC +3)
You are immune to poison.
You resist negative energy. (rN+)
You are resistant to electric shocks. (rElec)
You are resistant to unholy torment.
You are immune to petrification.


   Skills:
 + Level 2.5 Fighting
 - Level 5.0 Ranged Weapons
 - Level 1.4 Armour
 - Level 1.5 Dodging
 - Level 1.1 Stealth


You had 2 spell levels left.
You didn't know any spells.
Your spell library was empty.

Inventory:

Hand Weapons
 a - a +0 shortbow (weapon)
Armour
 f - a +0 ring mail (worn)
Jewellery
 b - an amulet of faith (around neck)
Scrolls
 d - 4 scrolls of identify
Potions
 e - 5 potions of curing

Dungeon Overview and Level Annotations

Branches:
Dungeon (3/15)

Altars:

Shops:
D:2 :


Message History

The adder is moderately wounded.
You shoot an arrow. The arrow closely misses the adder.
The adder bites you.
You shoot an arrow. The arrow closely misses the adder.
The adder barely misses you.
You shoot an arrow. The arrow hits the adder!
You kill the adder!
Your Armour skill increases to level 1!
You start resting.
You hear the slow rusting of a very distant drain.
HP restored.
Found 3 stones.
A bat comes into view.
You shoot an arrow. The arrow hits the bat!
You kill the bat!
You hear a shout!
A gnoll comes into view. It is wielding a +0 halberd.
You hear a shout!
You shoot an arrow. The arrow closely misses the gnoll.
You shoot an arrow. The arrow hits the gnoll.
The gnoll is lightly wounded.
The gnoll hits you from afar with a +0 halberd.
You shoot an arrow. The arrow hits the gnoll.
The gnoll is moderately wounded.
The gnoll misses you.
The gnoll hits you from afar with a +0 halberd.
A gnoll comes into view. It is wielding a +2 whip of freezing.
You shoot an arrow. The arrow closely misses the gnoll.
You shoot an arrow. The arrow hits the gnoll.
The gnoll is heavily wounded.
You shoot an arrow. The arrow hits the gnoll.
The gnoll is heavily wounded.
You hear a shout! x2
You shoot an arrow. The arrow hits the gnoll.
The gnoll is severely wounded.
The gnoll hits you with a +2 whip of freezing.
The gnoll freezes you. The gnoll barely misses you.
The gnoll hits you from afar with a +0 halberd!
The gnoll hits you with a +2 whip of freezing.
You die...

#..##.#..##.#.
##....##....##
#..##.#..##.#
...#.##..#.##.. .
#....##..
......#.##..# # #
..(...##.#..##.#..#
.... #....##....#
... #..##.#@.##
..#..#. #..#g# . #.
#....##g.%
.....#.##. #.## ##.
## .. #. ### ##


You could see 2 gnolls.

Vanquished Creatures
  An adder (D:3)
  2 ribbon worms (D:3)
  An endoplasm (D:2)
  A giant cockroach (D:1)
  2 goblins (D:2)
  3 hobgoblins
  2 jackals (D:1)
  2 quokkas
  9 ball pythons
  5 bats
  A frilled lizard (D:2)
  7 kobolds
  5 rats
41 creatures vanquished.

Notes
Turn   | Place    | Note
-------+----------+-------------------------------------------
     0 | D:1      | qw the Gargoyle Hunter began the quest for the Orb.
     0 | D:1      | Reached XP level 1. HP: 12/12 MP: 1/1
     0 | D:1      | 0 ||| qw: Version: 0.3-a-132-g3d54051
     0 | D:1      | 0 ||| qw: Game counter: 486
     0 | D:1      | 0 ||| qw: Melee chars always use a shield: true
     0 | D:1      | 0 ||| qw: God list: Okawaru
     0 | D:1      | 0 ||| qw: Allow faded altars: false
     0 | D:1      | 0 ||| qw: Do Orc after clearing Dungeon:15 true
     0 | D:1      | 0 ||| qw: Do second Lair branch before Depths: true
     0 | D:1      | 0 ||| qw: Lair rune preference: random
     0 | D:1      | 0 ||| qw: Goals: Normal
     0 | D:1      | 0 ||| PLANNING D:1-11
   192 | D:1      | Reached XP level 2. HP: 17/17 MP: 2/2
   581 | D:1      | 581 ||| READING 3 scrolls labelled TIYCSUA JAOF.
   581 | D:1      | 581 ||| IDENTIFYING 2 black potions
   582 | D:1      | 582 ||| READING 2 scrolls of identify.
   582 | D:1      | 582 ||| IDENTIFYING scroll labelled ACRULO WIASCHIPT
   583 | D:1      | 583 ||| DROPPING scroll of butterflies.
   584 | D:1      | 584 ||| DROPPING scroll of revelation.
   618 | D:2      | Found Ihaupap's Book Shoppe.
   630 | D:2      | Reached XP level 3. HP: 21/21 MP: 3/3
   639 | D:2      | Reached skill level 5 in Ranged Weapons
  1215 | D:2      | 1215 ||| UPGRADING to +0 ring mail.
  1225 | D:2      | 1225 ||| DROPPING +0 leather armour.
  1226 | D:2      | 1226 ||| UPGRADING to amulet of faith.
  1268 | D:3      | 1268 ||| PLANNING SEWER
  1360 | D:3      | Reached skill level 1 in Armour
  1396 | D:3      | HP: 2/22 [gnoll/+0 halberd (7)]
  1396 | D:3      | Slain by a gnoll

Levels and vault maps discovered:
D:1:      lightli_arrival_statuegarden, layout_basic, kennysheep_boxes
D:2:      layout_loops_cross, serial_shops, nicolae_shop_trees
D:3:      layout_basic, old_standard_altar, cheibrodos_sewer_entry_drain,
          nicolae_eternal_life

Skill      XL: |  1  2  3 |
---------------+----------+-----
Ranged Weapons | 5 |  5.0
Armour         | 1 |  1.4
Fighting       | |  2.5
Dodging        | |  1.5
Stealth        | |  1.1

Action                     || total
---------------------------++-------
   Fire: Shortbow          ||   129
    Use: Scroll            ||     2
 Armour: Leather armour    ||    13
         Ring mail         ||    15
  Dodge: Dodged            ||    36

Table legend:
 A = Non-vault XP
 B = Vault XP
 C = Vault XP percentage of total XP
 D = Non-vault monster count
 E = Vault monster count
 F = Vault count percentage of total count
                 A         B        C        D         E       F
            +---------+---------+-------+---------+---------+-------
      Total |      76 |       0 |   0.0 |      41 |       0 |   0.0
            +---------+---------+-------+---------+---------+-------
        D:1 |      30 |       0 |   0.0 |      22 |       0 |   0.0
        D:2 |      21 |       0 |   0.0 |      14 |       0 |   0.0
        D:3 |      25 |       0 |   0.0 |       5 |       0 |   0.0
            +---------+---------+-------+---------+---------+-------
